[Event "*** MasterClass Titled Tuesday Blitz"]
[Site "Chess.com"]
[Date "2017.09.05"]
[Round "1"]
[White "TenisMaster"]
[Black "JSPrepz"]
[Result "1/2-1/2"]
[WhiteElo "2767"]
[BlackElo "2425"]
[TimeControl "180+2"]
[EndTime "13:10:01 PDT"]
[Termination "Game drawn by agreement"]

1. e4 e6 2. d4 d5 3. Nc3 Nf6 4. e5 Nfd7 5. f4 c5 6. Nf3 Nc6 7. Be3 Be7 8. Qd2 O-O 9. Be2 b6 10. Nd1 cxd4 11. Nxd4 Nxd4 12. Bxd4 Nb8 13. c3 Nc6 14.
Ne3 b5 15. O-O b4 16. Kh1 bxc3 17. bxc3 Nxd4 18. cxd4 f6 19. Bd3 fxe5 20. fxe5 Bg5 21. Rxf8+ Qxf8 22. Rf1 Qe7 23. Qe2 Bd7 24. Qf3 Rf8 25.
Qh3 Rxf1+ 26. Nxf1 h6 27. Qf3 Be8 28. g3 Qb4 29. h4 Be7 30. Qg4 Bf7 31. Bg6 Bxg6 32.
Qxg6 Qxd4 33. Qxe6+ Kf8 34. Qf5+ Kg8 35. Qe6+ Kf8 36.
Qf5+ Ke8 37. Kg2 Qb2+ 38. Kh3 Qe2 39. Nh2 d4 40. e6 Qc4 41. Nf3 Kd8 42. Ne5 Qc5 43. Qe4 Kc7 44. Ng6 Qd6 45. Nf4 g5 46. hxg5 hxg5 47. Nd5+ Kd8 48. Qf5 d3 49. Nxe7 Kxe7 50. Qf7+ Kd8 51. Qf6+ Qe7 52. Qd4+ Ke8 53. Qxd3 Qxe6+ 54. g4 Qxa2 55. Qb5+ Kf7 56. Qxg5 Qb3+ 57.
Kh4 Qe6 58. Qc5 Qh6+ 59. Kg3 a6 60. Qc7+ Kg8 61. Qc8+ Kg7 62. Qd7+ Kg8 63. Qc8+ Kg7 64. Qc7+ Kg8 1/2-1/2

[Event "*** MasterClass Titled Tuesday Blitz"]
[Site "Chess.com"]
[Date "2017.09.05"]
[Round "1"]
[White "michaelq2d5"]
[Black "Boryboy"]
[Result "1-0"]
[WhiteElo "2634"]
[BlackElo "2339"]
[TimeControl "180+2"]
[EndTime "13:10:03 PDT"]
[Termination "michaelq2d5 won by resignation"]

1. d4 e6 2. c4 b6 3. a3 f5 4. Nc3 Nf6 5. g3 c6 6. Bg2 d5 7. Nf3 Bd6 8. O-O O-O 9. Ne5 Nfd7 10. Nxd7 Bxd7 11. cxd5 cxd5 12. Nxd5 Bc6 13. Nc3 Bxg2 14. Kxg2 Nd7 15. Qb3 Re8 16. e4 Kh8 17. e5 Bf8 18. Be3 Qc7 19. Rac1 Qb7+ 20. f3 Rad8 21. Bg5 Be7 22. Bxe7 Rxe7 23. Nb5 Nf8 24. Nd6 Qa6 25. Qc4 Qa5 26. Rc3 Red7 27. Qc6 Kg8 28. Rfc1 Qd5 29. Qxd5 exd5 30. Kf2 Ne6 31. Ke3 Rf8 32.
f4 g6 33. Rc8 Rxc8 34. Rxc8+ Rd8 35. b4 Kf8 36. Rxd8+ Nxd8 37. Nb5 Nc6 38. Nc7 Ne7 39. Kd3 h6 40. Kc3 g5 41. Kb3 gxf4 42. gxf4 Nc6 43. Kc3 Ne7 44. Kd3 Kf7 45. Ke3 Kg6 46. Nb5 Nc6 47. Nd6 a6 48. Nc8 b5 49. Nb6 Ne7 50. Nd7 Kh5 51. Nc5 Kh4 52. Nxa6 Kh3 53. Nc7 Kxh2 54. Nxb5 Kg3 55. Nc3 h5 56. Ne2+ Kg2 57.
b5 h4 58. b6 h3 59. b7 Nc6 60. e6 h2 61. e7 h1=Q 62. e8=Q Qh3+ 63. Kd2 Na5 64. b8=Q Nc4+ 65. Kc2 Qxa3 66. Qg8+ Kf1 67. Qg1+ Kxe2 68. Qg2+ Ke1 69. Qb1+ 1-0

[Event "*** MasterClass Titled Tuesday Blitz"]
[Site "Chess.com"]
[Date "2017.09.05"]
[Round "1"]
[White "iusegine"]
[Black "nihalsarin"]
[Result "1-0"]
[WhiteElo "2384"]
[BlackElo "2648"]
[TimeControl "180+2"]
[EndTime "13:10:10 PDT"]
[Termination "iusegine won by checkmate"]

1. Nf3 Nf6 2. c4 c6 3. d4 d5 4. e3 Bf5 5. Nc3 e6 6. Be2 Nbd7 7. Nh4 Be4 8. Nxe4 dxe4 9. g3 Be7 10. O-O O-O 11.
b3 a5 12. a3 Re8 13. Bb2 Nf8 14. Kh1 Ng6 15. Ng2 Bd6 16. Qc2 Qe7 17. Rfd1 Rad8 18.
Nf4 e5 19. Nxg6 hxg6 20. dxe5 Bxe5 21. Rxd8 Rxd8 22. Rd1 Rxd1+ 23. Bxd1 Qe6 24. Be2 g5 25. Kg2 g6 26. Qd2 Bxb2 27. Qxb2 Nd7 28. Qd2 Kf8 29. Qxa5 Ne5 30. Qd8+ Kg7 31. Qxg5 f6 32. Qh4 Qf5 33. Qf4 Qe6 34. Qxe4 f5 35. Qd4 Kf7 36. c5 Ke7 37.
f4 Nf7 38. Bc4 Qc8 39. h4 Qa8 40. Qg7 Qxa3 41. Qxf7+ Kd8 42. Be6 Qb2+ 43. Kh3 Qd2 44. Qf8+ Kc7 45. Qe7+ Kb8 46. Qd6+ Qxd6 47. cxd6 b6 48. g4 c5 49. gxf5 gxf5 50. Bxf5 c4 51. bxc4 b5 52. c5 Kb7 53. Be4+ Kc8 54. c6 b4 55. Bd5 b3 56. Bxb3 Kd8 57. Kg4 Ke8 58. Kg5 Kf8 59. e4 Ke8 60. e5 Kf8 61. Kf6 Ke8 62. Be6 Kf8 63. c7 Ke8 64. c8=Q# 1-0

[Event "*** MasterClass Titled Tuesday Blitz"]
[Site "Chess.com"]
[Date "2017.09.05"]
[Round "1"]
[White "Adham_Fawzy"]
[Black "GM_dmitrij"]
[Result "1/2-1/2"]
[WhiteElo "2370"]
[BlackElo "2646"]
[TimeControl "180+2"]
[EndTime "13:10:12 PDT"]
[Termination "Game drawn by repetition"]

1. e4 e5 2. Nf3 Nc6 3. Bb5 Nge7 4. O-O g6 5. c3 a6 6. Ba4 Bg7 7. d4 exd4 8. cxd4 b5 9. Bc2 d6 10. Nc3 O-O 11. h3 Na5 12. b3 c5 13. Bb2 Nac6 14. Ne2 Bb7 15. Ng3 Rc8 16. Rc1 Re8 17.
Bb1 cxd4 18. Nxd4 Nxd4 19. Rxc8 Qxc8 20. Bxd4 Qe6 21. Bxg7 Kxg7 22. f4 Qf6 23. Qd2 Rc8 24. Rd1 Qc3 25. Qxc3+ Rxc3 26. Ne2 Rc6 27. e5 d5 28. Kf2 b4 29. g4 f6 30. exf6+ Rxf6 31. Ke3 Re6+ 32. Kd2 Nc6 33. f5 gxf5 34. Nf4 Rd6 35. gxf5 Bc8 36. Rg1+ Kh6 37. h4 Nd4 38. Ke3 Nxf5+ 39. Bxf5 Bxf5 40. Kd4 Be4 41. Rg8 Rf6 42. Ne2 Rf2 43. Ke3 Rh2 44. Rg4 a5 45. Nf4 Bb1 46. Nxd5 Bxa2 47. Ne7 Kh5 48. Rg7 Rxh4 49. Nf5 Rg4 50. Ng3+ Kh4 51. Nf5+ Kh3 52. Rxh7+ Kg2 53. Nh4+ Kg3 54. Nf5+ Kg2 55. Nh4+ Kg3 56. Nf5+ Kg2 57. Nh4+ 1/2-1/2

[Event "*** MasterClass Titled Tuesday Blitz"]
[Site "Chess.com"]
[Date "2017.09.05"]
[Round "1"]
[White "Art10ECHR"]
[Black "Blitzstream"]
[Result "1-0"]
[WhiteElo "2223"]
[BlackElo "2485"]
[TimeControl "180+2"]
[EndTime "13:10:22 PDT"]
[Termination "Art10ECHR won by checkmate"]

1. e4 d5 2. Nc3 dxe4 3. Nxe4 Qd5 4. Nc3 Qa5 5. d4 Nf6 6. Bc4 Bg4 7. f3 Bf5 8. Bd2 Qb6 9. Nge2 e6 10. O-O c6 11.
Bb3 Bd6 12. Bg5 Nbd7 13. Ng3 Bg6 14. Nge4 Be7 15. Be3 Qc7 16. Bf2 O-O 17. Bg3 Qb6 18.
Bf2 Qc7 19. Re1 Rad8 20. Qe2 Nb6 21. Nxf6+ Bxf6 22. Rad1 Nd5 23. Ne4 Be7 24. Bg3 Qb6 25.
c4 Nf6 26. c5 Qa5 27. Nd6 Qb4 28. Qe3 Nd5 29. Bxd5 cxd5 30. a3 Qa4 31. Nxb7 Rd7 32. Nd6 Bf6 33. b4 h5 34. h3 h4 35. Be5 Be7 36.
Rc1 a6 37. Qc3 Qc6 38. Qb3 Ra7 39. Kh1 Bh7 40. Bh2 Bg6 41. Rc3 Raa8 42. Rec1 Rfb8 43. Rd1 Rf8 44. Rd2 Rfb8 45. Rb2 Rd8 46. a4 Rdb8 47. Rc1 Bf8 48. b5 Qd7 49. b6 Qc6 50. a5 f6 51.
Re1 e5 52. dxe5 Qxc5 53. Qb4 Qc6 54. e6 Re8 55. Rbe2 Rad8 56. e7 Bd3 57. Nxe8 Rxe8 58. exf8=Q+ Rxf8 59. Re7 Bb5 60. Qxh4 Qc3 61. Qg3 f5 62.
Qg6 Bd3 63. b7 Qb4 64. Qxg7# 1-0

[Event "*** MasterClass Titled Tuesday Blitz"]
[Site "Chess.com"]
[Date "2017.09.05"]
[Round "1"]
[White "SavelijTartakover"]
[Black "Saitama_Hero"]
[Result "1-0"]
[WhiteElo "2597"]
[BlackElo "2310"]
[TimeControl "180+2"]
[EndTime "13:10:27 PDT"]
[Termination "SavelijTartakover won by resignation"]

1. d4 d6 2. c4 f5 3. Nc3 Nf6 4. Nf3 g6 5. h4 Bg7 6. h5 Nxh5 7.
e4 c5 8. dxc5 dxc5 9. Qxd8+ Kxd8 10. Ng5 Ke8 11. Nb5 Na6 12. Be2 h6 13. Rxh5 gxh5 14.
Bxh5+ Kf8 15. Nf7 Nb4 16. Nxh8 Nc2+ 17. Kd1 Nxa1 18. Ng6+ Kf7 19. Nc7 Rb8 20. exf5 Bxf5 21. Nh4+ Kf6 22. Nd5+ Ke6 23. Nxf5 Kxf5 24. g4+ Ke6 25. Bf4 Rd8 26. Kc1 b5 27. Nc7+ Kd7 28. Nxb5 a6 29. Nc3 Rf8 30. Be3 Bd4 31. Bxd4 cxd4 32. Ne4 d3 33. Kb1 Rf4 34. Bg6 e6 35. b3 Nc2 36. Kc1 Nb4 37. Kd2 Rxg4 38. Nf6+ Ke7 39.
Nxg4 h5 40. Ne3 h4 41. Bxd3 h3 42. Bf1 h2 43. Bg2 Nxa2 44. Ng4 Nb4 45. Nxh2 Kd6 46. Nf3 Nc6 47. Kc3 a5 48. Nd4 Ne5 49. Be4 Ng4 50. f3 Ne5 51. f4 Ng4 52. f5 exf5 53. Bxf5 Ne5 54. Be4 Kc5 55. Ne6+ Kd6 56. Bd5 Nd7 57. Kd4 Nf6 58. c5+ Kd7 59. Bc4 Ng4 60. Nf4 Nh6 61.
Bb5+ Kc7 62. Nd5+ Kb7 63. c6+ Kc8 64. Ba6+ 1-0

[Event "*** MasterClass Titled Tuesday Blitz"]
[Site "Chess.com"]
[Date "2017.09.05"]
[Round "1"]
[White "andreimacovei2000"]
[Black "TigranLPetrosyan"]
[Result "0-1"]
[WhiteElo "2405"]
[BlackElo "2734"]
[TimeControl "180+2"]
[EndTime "13:10:36 PDT"]
[Termination "TigranLPetrosyan won on time"]

1. e4 d6 2. d4 g6 3. Nf3 Bg7 4.
Bd3 Nf6 5. O-O O-O 6. Re1 c6 7. c3 Qc7 8. h3 e5 9. Nbd2 Nbd7 10. a4 Re8 11. a5 Rb8 12. Bf1 b5 13. axb6 axb6 14. Nc4 Bf8 15. Bg5 b5 16. Na5 h6 17.
Bh4 Nh5 18. b4 Nb6 19. d5 cxd5 20. Bxb5 Bd7 21. Bxd7 Nxd7 22. Qxd5 Qxc3 23. Rec1 Qxb4 24. Nc6 Qb5 25. Nxb8 Qxd5 26. exd5 Rxb8 27. Rc7 Nb6 28. Rb1 g5 29. Rc6 Nd7 30. Rxb8 Nxb8 31. Rc8 Nd7 32. Bg3 Nb6 33. Rd8 f6 34. Nd4 Ng7 35. Ne6 Nxe6 36.
dxe6 Nd5 37. h4 Kg7 38. h5 Be7 39. Rd7 Kf8 40. f3 Nb6 41. Rb7 Nd5 42. Rd7 Ne3 43. Bf2 Nf5 44. Ra7 Ng7 45. Ra8+ Ne8 46. Kf1 d5 47. Ke2 Bd6 48. Ra7 d4 49. Rf7+ Kg8 50.
Kd3 Bf8 51. g4 Bc5 52. Be1 Bd6 53. Ba5 Bc5 54. Bd8 Ng7 55. Rxf6 Ne8 56. Rg6+ Kh7 57. Ke4 Bd6 58. Kf5 d3 59. Ba5 Bc7 60. Ke4 Bxa5 61.
Kxd3 Bd8 62. Kc4 Be7 0-1

[Event "*** MasterClass Titled Tuesday Blitz"]
[Site "Chess.com"]
[Date "2017.09.05"]
[Round "1"]
[White "Aariow"]
[Black "Cruel_Yaro"]
[Result "1/2-1/2"]
[WhiteElo "2351"]
[BlackElo "2628"]
[TimeControl "180+2"]
[EndTime "13:10:42 PDT"]
[Termination "Game drawn by repetition"]

1. Nf3 d5 2. g3 g6 3. Bg2 Bg7 4.
d4 Nf6 5. O-O O-O 6. c4 c6 7.
cxd5 Nxd5 8. e4 Nb6 9. Nc3 Bg4 10. Be3 Nc4 11. Qb3 Nxe3 12. fxe3 Qb6 13. Kh1 Qxb3 14. axb3 Na6 15. Ra4 Nc7 16. e5 a6 17. Nd2 Bh6 18. Re1 Be6 19. Raa1 Rad8 20. Nc4 Nb5 21. Na5 Rd7 22. Na4 Rc7 23. Nb6 Rd8 24. b4 Kf8 25. Bf3 Ke8 26. Kg2 Nxd4 27. exd4 Rxd4 28. Rad1 Rxb4 29.
Nxb7 Rxb7 30. Bxc6+ Kf8 31. Bxb7 Rxb6 32. Bd5 Rxb2+ 33.
Kg1 Bf5 34. e6 f6 35. Bc4 Bd2 36. Re2 Bc3 37. Rxb2 Bxb2 38. Rd8+ Kg7 39. Ra8 Bd4+ 40. Kf1 Be4 41. Rxa6 f5 42. Ke2 Kf6 43. Ra4 Bg1 44. h4 h5 45. Rb4 Bc5 46. Rb8 Bd6 47. Rf8+ Ke5 48. Rg8 Kd4 49. Ba2 f4 50. gxf4 Bxf4 51. Rg7 Bd6 52. Bb3 Ke5 53. Rf7 Bf5 54. Bc4 Bxe6 55.
Bxe6 Kxe6 56. Rf3 Be5 57. Kd3 Bf6 58. Rf4 Ke5 59. Ke3 e6 60. Kf3 Be7 61. Re4+ Kf6 62. Rf4+ Kg7 63. Re4 Kf7 64. Rf4+ Bf6 65. Ke4 e5 66.
Rf3 Ke6 67. Rg3 Kf7 68. Rf3 Kg7 69. Rh3 Kh6 70. Rh1 Kg7 71. Kd5 Kf7 72. Rf1 Ke7 73. Rg1 Kf7 74. Rf1 Kg7 75. Rh1 Kf7 76. Rf1 1/2-1/2

[Event "*** MasterClass Titled Tuesday Blitz"]
[Site "Chess.com"]
[Date "2017.09.05"]
[Round "1"]
[White "AndrewMcStone"]
[Black "GianmarcoVaR"]
[Result "1/2-1/2"]
[WhiteElo "2069"]
[BlackElo "2439"]
[TimeControl "180+2"]
[EndTime "13:10:56 PDT"]
[Termination "Game drawn by repetition"]

1. d4 g6 2. c4 Bg7 3. Nc3 d6 4. e4 e5 5. Nge2 Nc6 6. Be3 f5 7. d5 Nce7 8. f3 Bh6 9. Qd2 Bxe3 10.
Qxe3 Nf6 11. g3 O-O 12. Bg2 fxe4 13. Nxe4 Nxe4 14. fxe4 Kg7 15. O-O-O Bg4 16. h3 Bxe2 17. Qxe2 Ng8 18. Qe3 b6 19. h4 Nh6 20. Bh3 Qe7 21. Rdf1 a5 22. Be6 Rxf1+ 23. Rxf1 Rf8 24. Rf3 Nf7 25. Qf2 Nd8 26. Bh3 Nb7 27. Rxf8 Qxf8 28. Qxf8+ Kxf8 29. Kd2 Kg7 30. Ke3 Nc5 31. Bg4 Kf6 32.
Bd1 Ke7 33. b3 Kd7 34. a3 Na6 35. Bg4+ Ke7 36. Bd1 Kf6 37. Kd3 Kg7 38. Ke3 g5 39. h5 Kf6 40. g4 Kg7 41. Bc2 Kf7 42. Kd2 Ke7 43. Kc3 Nc5 44. b4 axb4+ 45. axb4 Nd7 46. Kd3 Kd8 47. Bd1 Kc8 48. Be2 Kb7 49. b5 Kc8 50. Ke3 Kd8 51. Bd1 Ke7 52. Be2 Nc5 53. Bd1 Kf6 54.
Bc2 Nb7 55. Bd1 Kg7 56. Be2 Kh6 57. Bd1 Na5 58. Be2 Nb3 59. Kd3 Nc1+ 60. Ke3 Kg7 61. Bd1 Na2 62. Kd3 Nc1+ 63. Kc2 Na2 64. Kb3 Nc1+ 65. Kc2 Na2 66. Kb3 Nc1+ 67. Kc2 Na2 1/2-1/2

[Event "*** MasterClass Titled Tuesday Blitz"]
[Site "Chess.com"]
[Date "2017.09.05"]
[Round "1"]
[White "WeiYi1999"]
[Black "plouarzel"]
[Result "1-0"]
[WhiteElo "2119"]
[BlackElo "2443"]
[TimeControl "180+2"]
[EndTime "13:12:38 PDT"]
[Termination "WeiYi1999 won by checkmate"]

1. e4 c5 2. c3 Nf6 3. e5 Nd5 4. d4 cxd4 5. Nf3 Nc6 6. cxd4 d6 7. Bc4 Nb6 8. Bb5 Bd7 9. exd6 e6 10. O-O Bxd6 11.
Nc3 O-O 12. a3 Ne7 13. Bd3 Ned5 14. Ne4 Bf4 15. g3 Bxc1 16. Rxc1 Nf6 17. Ne5 Nbd5 18. Re1 Rc8 19. Qd2 Bc6 20. Nxc6 Rxc6 21. Rxc6 bxc6 22. Rc1 Qb6 23. Nd6 g6 24. Bf1 Rd8 25. Nc4 Qc7 26. Ne5 Ne7 27. Bg2 Qd6 28. Nxc6 Nxc6 29. Rxc6 Qxd4 30. Qxd4 Rxd4 31. Bf3 Rd2 32. b4 Rd3 33.
Rc8+ Kg7 34. Bc6 Rxa3 35. Rc7 h5 36. h3 Ra2 37. b5 Kf8 38. Rc8+ Ke7 39. Rc7+ Kf8 40.
Rc8+ Kg7 41. Rc7 g5 42. Kg2 g4 43. h4 Kg6 44. Kf1 Nd5 45. Bxd5 exd5 46. Rd7 Rd2 47.
Rxa7 Rb2 48. Rb7 f6 49. b6 Kf5 50. Rb8 Ke4 51. b7 Kd4 52. Kg2 f5 53. Rf8 Rxb7 54. Rxf5 Kc4 55. Rxh5 d4 56. Rg5 d3 57. Rxg4+ Kd5 58.
Rg8 Ke4 59. Rd8 Rb2 60. h5 Rb5 61. g4 Kf4 62. Rd4+ Kg5 63. Kg3 Rb3 64. f4+ Kf6 65.
Kh4 Ke6 66. h6 Kf6 67. h7 Kg7 68. Rd7+ Kh8 69. f5 d2 70. Rxd2 Kxh7 71. Kg5 Rb7 72.
Rh2+ Kg7 73. Rh6 Rb4 74. Rg6+ Kf7 75. Rc6 Rb7 76. Kh5 Rb1 77. Ra6 Rc1 78. Kg5 Rb1 79.
Ra7+ Ke8 80. Kg6 Rg1 81. g5 Kd8 82. f6 Ra1 83. Rxa1 Kd7 84. Rd1+ Ke6 85. f7 Ke7 86.
Kg7 Ke6 87. f8=Q Ke5 88. Qf6+ Ke4 89. Rd4+ Ke3 90. Qf4+ Ke2 91. Rd2+ Ke1 92. Qf2# 1-0

[Event "*** MasterClass Titled Tuesday Blitz"]
[Site "Chess.com"]
[Date "2017.09.05"]
[Round "1"]
[White "mwpchess"]
[Black "abubakrtagelsir"]
[Result "1/2-1/2"]
[WhiteElo "2487"]
[BlackElo "2209"]
[TimeControl "180+2"]
[EndTime "13:14:15 PDT"]
[Termination "Game drawn by repetition"]

1. c4 c6 2. Nf3 d5 3. g3 Nf6 4. Bg2 h6 5. O-O Bf5 6. Qb3 Qb6 7. d3 e6 8. Be3 Qxb3 9. axb3 a6 10. Nc3 Nbd7 11. Na4 Bd6 12. Nb6 Nxb6 13. Bxb6 O-O 14. Nd2 Bb4 15. Ba5 Be7 16. e4 dxe4 17.
dxe4 Bg6 18. Rfe1 Rfc8 19. h3 Bd8 20. Bc3 Bb6 21. Kf1 Rd8 22. Ke2 Rd7 23. Red1 Rad8 24. e5 Nh7 25. Ne4 Nf8 26. Rxd7 Rxd7 27. Nd6 Bc5 28.
Ne4 Be7 29. f4 Rd8 30. Rd1 Rxd1 31. Kxd1 Nd7 32. Bd4 Kf8 33. Kd2 Bb4+ 34. Bc3 Be7 35. b4 Ke8 36. b3 Kd8 37. Nd6 Bxd6 38. exd6 f6 39. c5 a5 40. g4 axb4 41. Bxb4 Nb8 42.
Kc3 Kd7 43. Ba5 Bh7 44. b4 Bg6 45. Bf3 Bh7 46. Bb6 Bg6 47. h4 Bh7 48. g5 hxg5 49. hxg5 Bf5 50. gxf6 gxf6 51. Be2 e5 52. fxe5 fxe5 53.
b5 cxb5 54. Bxb5+ Nc6 55. Kc4 Be4 56. Ba4 Bg2 57. Bc7 Bf3 58. Bc2 Be2+ 59. Kc3 Bg4 60. Be4 Be6 61. Bb6 Kc8 62. Kd2 Kd7 63. Ke3 Kc8 64. Bg6 Kd7 65. Ke4 Bh3 66. Bc7 Be6 67. Bf5 Bxf5+ 68. Kxf5 Nd4+ 69. Kxe5 Nc6+ 70. Kd5 Nb4+ 71.
Kc4 Nc6 72. Kb5 Kc8 73. Ba5 Ne5 74. Bc3 Nd7 75. Bd4 Nb8 76. Kc4 Kd7 77. Kd5 Nc6 78. Bc3 Nb8 79. Ba5 Nc6 80. Bc7 Nb4+ 81. Kc4 Nc6 82.
Kb5 Kc8 83. Kb6 Ne5 84. Kb5 Nc6 85. Ba5 Ne5 86. Bc3 Nc6 87. Kb6 Nb8 88. Bd4 Nd7+ 89. Ka7 Nb8 90. Be3 Nd7 91. Bf2 Nb8 92. Kb6 Nd7+ 93. Kb5 Nb8 94. Bg3 Kd7 95. Kb6 Kc8 96. Kb5 Nc6 97. Kc4 Kd7 98. Bh2 Nb8 99. Kd5 Nc6 100.
Bg1 Nb8 101. Kc4 Nc6 102. Kb5 Nb8 103. Kb6 Kc8 104. Ka7 Nc6+ 105. Kb6 Nb8 106. Kb5 Nc6 107. Bh2 Nb8 108. Kc4 Kd7 109. Kd5 Nc6 110. Bg1 Nb8 111. Kc4 Nc6 112. Kb5 Nb8 113. Kb6 Kc8 1/2-1/2

[Event "*** MasterClass Titled Tuesday Blitz"]
[Site "Chess.com"]
[Date "2017.09.05"]
[Round "2"]
[White "aa175"]
[Black "pawnwonder"]
[Result "1-0"]
[WhiteElo "1846"]
[BlackElo "1987"]
[TimeControl "180+2"]
[EndTime "13:17:01 PDT"]
[Termination "aa175 won by resignation"]

1. e4 c5 2. Nf3 Nc6 3. Nc3 g6 4. Bc4 Bg7 5. a4 e6 6. Qe2 Nge7 7. O-O O-O 8. d3 b6 9. Bg5 h6 10. Bh4 Bb7 11. e5 Nf5 12. Bxd8 1-0

[Event "*** MasterClass Titled Tuesday Blitz"]
[Site "Chess.com"]
[Date "2017.09.05"]
[Round "2"]
[White "Mistheoretical"]
[Black "liquormark"]
[Result "1-0"]
[WhiteElo "2223"]
[BlackElo "2094"]
[TimeControl "180+2"]
[EndTime "13:17:52 PDT"]
[Termination "Mistheoretical won by resignation"]

1. d4 Nf6 2. Bg5 e6 3. Nd2 h6 4. Bh4 d5 5. e3 Bd6 6. f4 c5 7. c3 b6 8. Ngf3 Ba6 9. Bxa6 Nxa6 10. Qa4+ Qd7 11. Qxa6 c4 12. Ne5 Bxe5 13. fxe5 Ng4 14. Nf1 O-O 15. h3 g5 16. Bg3 1-0

[Event "*** MasterClass Titled Tuesday Blitz"]
[Site "Chess.com"]
[Date "2017.09.05"]
[Round "2"]
[White "asms9699"]
[Black "ruvat"]
[Result "1-0"]
[WhiteElo "2423"]
[BlackElo "2291"]
[TimeControl "180+2"]
[EndTime "13:18:16 PDT"]
[Termination "asms9699 won by resignation"]

1. c4 d6 2. g3 e5 3. Bg2 f5 4. Nc3 Nf6 5. d4 e4 6. f3 exf3 7. exf3 Be7 8. Nge2 O-O 9. Be3 d5 10. cxd5 Nxd5 11. Nxd5 Qxd5 12. Nc3 Qc4 13. Rc1 Bb4 14. Kf2 Nc6 15. d5 Ne5 16. Bf1 Ng4+ 17. fxg4 fxg4+ 18. Kg2 Rxf1 19. Rxf1 1-0

[Event "*** MasterClass Titled Tuesday Blitz"]
[Site "Chess.com"]
[Date "2017.09.05"]
[Round "2"]
[White "grzechu96"]
[Black "platy3"]
[Result "1/2-1/2"]
[WhiteElo "2440"]
[BlackElo "2572"]
[TimeControl "180+2"]
[EndTime "13:18:37 PDT"]
[Termination "Game drawn by agreement"]

1. e4 c5 2. Nf3 Nc6 3. Bb5 d6 4. O-O Bd7 5. Re1 Nf6 6. c3 a6 7. Bc4 b5 8. Bf1 e5 9. d4 Be7 10. a4 bxa4 11. Rxa4 cxd4 12. Rxa6 Rxa6 13. Bxa6 O-O 14.
cxd4 Qb6 15. dxe5 dxe5 16. Bc4 Bg4 17. Nc3 Nd4 18. Be2 Bxf3 19. Bxf3 Rd8 20. Nd5 Nxd5 21. exd5 Bd6 1/2-1/2

[Event "*** MasterClass Titled Tuesday Blitz"]
[Site "Chess.com"]
[Date "2017.09.05"]
[Round "2"]
[White "jlandaw"]
[Black "Ilja_Semjonovs"]
[Result "1-0"]
[WhiteElo "2392"]
[BlackElo "2346"]
[TimeControl "180+2"]
[EndTime "13:19:08 PDT"]
[Termination "jlandaw won by resignation"]

1. e4 c5 2. Nc3 Nc6 3. g3 g6 4. Bg2 Bg7 5. d3 d6 6. f4 e6 7. Nf3 Nge7 8. O-O O-O 9. Be3 b6 10. d4 cxd4 11. Nxd4 Nxd4 12. Bxd4 e5 13.
Be3 Nc6 14. f5 gxf5 15. exf5 Bb7 16. f6 Bxf6 17. Bh6 Re8 18. Nd5 Re6 19. Qg4+ Kh8 20.
Nxf6 1-0

[Event "*** MasterClass Titled Tuesday Blitz"]
[Site "Chess.com"]
[Date "2017.09.05"]
[Round "2"]
[White "Carolina-moon"]
[Black "Aariow"]
[Result "0-1"]
[WhiteElo "2145"]
[BlackElo "2355"]
[TimeControl "180+2"]
[EndTime "13:19:59 PDT"]
[Termination "Aariow won by checkmate"]

1. e4 c5 2. Nc3 e6 3. g3 d5 4.
exd5 exd5 5. Bg2 d4 6. Nd5 Nc6 7. Qe2+ Be7 8. d3 Be6 9. Nxe7 Ngxe7 10. Nf3 O-O 11. Ng5 Bd5 12. O-O Bxg2 13. Kxg2 Qd5+ 14. Qf3 Nb4 15. Bd2 Nxc2 16. Rac1 Nb4 17. Bxb4 cxb4 18.
Qxd5 Nxd5 19. Rc4 Rfe8 20. Rxd4 Rad8 21. Rc1 h6 22. Nf3 Re2 23. Rc5 Ne3+ 24. Kh3 Rxd4 25. Nxd4 Rxf2 26. Rc8+ Kh7 27. Rc7 h5 28. Rxb7 Ng4 29.
Kh4 Kh6 30. h3 g5# 0-1

[Event "*** MasterClass Titled Tuesday Blitz"]
[Site "Chess.com"]
[Date "2017.09.05"]
[Round "2"]
[White "Robin-Side"]
[Black "joppie2"]
[Result "0-1"]
[WhiteElo "2300"]
[BlackElo "2584"]
[TimeControl "180+2"]
[EndTime "13:20:00 PDT"]
[Termination "joppie2 won by checkmate"]

1. e4 e5 2. f4 Nh6 3. Nc3 exf4 4. Nf3 Be7 5. d4 Bh4+ 6. Ke2 Bg5 7. h4 Be7 8. Bxf4 Ng4 9. Qd3 O-O 10. Bg3 Nc6 11. Kd2 d6 12. Re1 Bd7 13. Kc1 f5 14. exf5 Bxf5 15. Qc4+ Kh8 16. Bd3 Qd7 17. Bxf5 Qxf5 18.
Nd5 Bd8 19. Ne3 Nxe3 20. Rxe3 Bf6 21. Kb1 Qg4 22. Ng5 Qxd4 23. Qe2 Qxb2# 0-1

[Event "*** MasterClass Titled Tuesday Blitz"]
[Site "Chess.com"]
[Date "2017.09.05"]
[Round "2"]
[White "Bengalas"]
[Black "workhard91"]
[Result "1-0"]
[WhiteElo "2467"]
[BlackElo "2293"]
[TimeControl "180+2"]
[EndTime "13:20:32 PDT"]
[Termination "Bengalas won by resignation"]

1. d4 Nf6 2. c3 b6 3. Nf3 Bb7 4. g3 g6 5. Bg2 Bg7 6. O-O O-O 7. c4 c5 8. Nc3 cxd4 9. Qxd4 Nc6 10. Qh4 h5 11.
Rd1 d6 12. b3 Ng4 13. Bb2 Bf6 14. Qh3 Rb8 15. Nd2 Bc8 16. Nde4 Nxf2 17. Nxf6+ exf6 18. Qh4 Nxd1 19. Rxd1 Ne5 20. Ne4 f5 21. Nf6+ Kg7 22.
Bxe5 Qe7 23. Nxh5+ 1-0

[Event "*** MasterClass Titled Tuesday Blitz"]
[Site "Chess.com"]
[Date "2017.09.05"]
[Round "2"]
[White "GMHess"]
[Black "livestrong04"]
[Result "0-1"]
[WhiteElo "2534"]
[BlackElo "2359"]
[TimeControl "180+2"]
[EndTime "13:20:38 PDT"]
[Termination "livestrong04 won by resignation"]

1. e4 c5 2. Nf3 e6 3. c3 Nf6 4. e5 Nd5 5. d4 cxd4 6. cxd4 Nc6 7. a3 d6 8. Bd3 Be7 9. O-O O-O 10. Qe2 b6 11. h4 Bb7 12. h5 Rc8 13. Qe4 g6 14. Qg4 dxe5 15. hxg6 f5 16. gxh7+ Kh8 17. Qg6 e4 18. Bh6 Bf6 19. Ng5 Nf4 20. Nf7+ Rxf7 21.
Qxf7 Nxd3 22. Qxb7 Rc7 23. Qa6 Nxd4 24. Nc3 Rxh7 25.
Be3 Nf3+ 26. gxf3 Qg8+ 0-1

[Event "*** MasterClass Titled Tuesday Blitz"]
[Site "Chess.com"]
[Date "2017.09.05"]
[Round "2"]
[White "Blitzstream"]
[Black "dogeandpika4life"]
[Result "1-0"]
[WhiteElo "2489"]
[BlackElo "2298"]
[TimeControl "180+2"]
[EndTime "13:20:49 PDT"]
[Termination "Blitzstream won by resignation"]

1. g4 a6 2. Bg2 h6 3. d4 e6 4. h4 Be7 5. Nf3 d5 6. Bf4 c5 7. c3 Nc6 8. e3 Nf6 9. g5 hxg5 10.
hxg5 Rxh1+ 11. Bxh1 Ne4 12. g6 f5 13. Ne5 Nxe5 14. Bxe5 Nf6 15. Nd2 b6 16. Qf3 Bb7 17.
Qh3 Kd7 18. O-O-O Qh8 19. Qg3 Rc8 20. Bf3 b5 21. Rh1 Qf8 22. Nb3 cxd4 23. exd4 b4 24.
Nc5+ Bxc5 25. dxc5 bxc3 26. Bxf6 Qxf6 27. Qd6+ Ke8 1-0

[Event "*** MasterClass Titled Tuesday Blitz"]
[Site "Chess.com"]
[Date "2017.09.05"]
[Round "2"]
[White "Sebastian"]
[Black "AndrewMcStone"]
[Result "1-0"]
[WhiteElo "2816"]
[BlackElo "2069"]
[TimeControl "180+2"]
[EndTime "13:20:57 PDT"]
[Termination "Sebastian won by resignation"]

1. e4 Nc6 2. Nf3 Nf6 3. e5 Nd5 4. d4 d6 5. c4 Nb6 6. e6 fxe6 7. Nc3 g6 8. h4 Bg7 9. Be3 Nd7 10. h5 Nf8 11. Be2 b6 12. d5 Ne5 13. Nd4 Bb7 14.
f4 Ned7 15. Qa4 a6 16. dxe6 b5 17. exd7+ Qxd7 18. cxb5 axb5 19. Qxb5 c6 20. Qb3 c5 21. Bb5 1-0

[Event "*** MasterClass Titled Tuesday Blitz"]
[Site "Chess.com"]
[Date "2017.09.05"]
[Round "2"]
[White "Keaton87"]
[Black "Izoria123"]
[Result "0-1"]
[WhiteElo "2465"]
[BlackElo "2645"]
[TimeControl "180+2"]
[EndTime "13:21:06 PDT"]
[Termination "Izoria123 won by resignation"]

1. d4 d6 2. e4 Nf6 3. Nc3 g6 4.
Bg5 Bg7 5. f4 O-O 6. Nf3 Bg4 7.
e5 Nh5 8. h3 Bd7 9. g4 Ng3 10.
Rg1 Nxf1 11. Rxf1 f6 12. Bh4 fxe5 13. fxe5 Nc6 14. Qe2 dxe5 15. dxe5 Be6 16. Rd1 Qc8 17. Ne4 h6 18. Bg3 b6 19. Qb5 Qe8 20. c3 Bxa2 21. b3 Na5 22. Qd5+ Kh8 23. Nd4 Rxf1+ 24. Kxf1 Rd8 25.
Qe6 Bxb3 26. Nxb3 Rxd1+ 27. Ke2 Qd7 28. Nd4 Rxd4 0-1

[Event "*** MasterClass Titled Tuesday Blitz"]
[Site "Chess.com"]
[Date "2017.09.05"]
[Round "2"]
[White "FelixBlohberger"]
[Black "MITerryble"]
[Result "0-1"]
[WhiteElo "2319"]
[BlackElo "2689"]
[TimeControl "180+2"]
[EndTime "13:21:07 PDT"]
[Termination "MITerryble won by resignation"]

1. e4 e6 2. b3 d5 3. Bb2 Nf6 4. e5 Nfd7 5. f4 c5 6. Nf3 Nc6 7. g3 h5 8. h3 Ne7 9. Nc3 Nf5 10.
Ne2 b6 11. Bg2 Ba6 12. Kf2 h4 13. g4 Bxe2 14. Qxe2 Ng3 15. Qe3 Nxh1+ 16. Bxh1 Rc8 17. c4 dxc4 18. bxc4 Nb8 19. f5 Nc6 20. d3 Be7 21.
Kg1 Qd7 22. f6 gxf6 23. exf6 Bd6 24. Bg2 Qc7 25. Re1 Bf4 26. Qe4 Kf8 27. Re2 Rd8 28.
Kh1 Bg3 29. a3 Qd7 30. g5 Qxd3 31. Qxc6 Qxe2 32. Ng1 Qxb2 33. g6 Qxf6 34. Qb7 Rd1 35. gxf7 Rxg1+ 36. Kxg1 Qf2+ 0-1